 Dungeon Crawl Stone Soup version 0.29.1-2-gbd0b4ee654 (webtiles) character file.

Game seed: 12039098707466258733

308 javelincjr the Conjurer (level 6, -11/33 HPs)
             Began as a Deep Elf Conjurer on Nov 30, 2022.
             Was an Initiate of Sif Muna.
             Mangled by Blork the orc
             ... wielding a +0 dire flail
              (16 damage)
             ... on level 4 of the Dungeon.
             The game lasted 00:32:20 (4108 turns).

javelincjr the Conjurer (Deep Elf Conjurer)         Turns: 4108, Time: 00:32:20

Health: -11/33     AC:  2    Str:  4    XL:     6   Next: 17%
Magic:  10/15      EV: 12    Int: 25    God:    Sif Muna [......]
Gold:   251        SH:  0    Dex: 13    Spells: 12/15 levels left

rFire   . . .      SeeInvis .   t - +0 quarterstaff
rCold   . . .      Faith    .   (shield currently unavailable)
rNeg    . . .      Spirit   .   j - +0 robe
rPois   .          Reflect  .   (no helmet)
rElec   .          Harm     .   (no cloak)
rCorr   .          Rampage  .   (no gloves)
Will    .....                   (no boots)
Stlth   ++........              (no amulet)
HPRegen 0.11/turn               (no ring)
MPRegen 0.14/turn               (no ring)

@: no status effects
A: no striking features
a: Renounce Religion


You were on level 4 of the Dungeon.
You worshipped Sif Muna.
Sif Muna was noncommittal.
You visited 1 branch of the dungeon, and saw 5 of its levels.

You collected 251 gold pieces.

Inventory:

Hand Weapons
 c - a +0 sling
 d - a +0 dagger
 t - a +0 quarterstaff (weapon)
Missiles
 a - 6 poisoned darts
 o - 5 atropa-tipped darts
 p - a javelin (quivered)
 u - 3 datura-tipped darts
Armour
 j - a +0 robe (worn)
Wands
 C - a wand of flame (28)
Scrolls
 f - 2 scrolls of amnesia {unknown}
 h - a scroll of vulnerability {unknown}
 i - a scroll of immolation {unknown}
 k - 3 scrolls of teleportation {unknown}
 n - a scroll of summoning {unknown}
 q - a scroll of fear {unknown}
 r - 2 scrolls of magic mapping {unknown}
 s - 2 scrolls of identify {unknown}
 w - 4 scrolls of silence {unknown}
 x - a scroll of enchant weapon {unknown}
 y - a scroll of fog {unknown}
 A - a scroll of blinking {unknown}
Potions
 b - a potion of magic
 e - 2 potions of haste
 g - a potion of flight
 l - 3 potions of brilliance {unknown}
 m - a potion of berserk rage {unknown}
 v - 3 potions of mutation {unknown}
 z - a potion of experience {unknown}
 B - a potion of lignification {unknown}
 D - a potion of invisibility {unknown}


   Skills:
 + Level 0.5 Fighting
 + Level 1.0 Short Blades
 + Level 0.9 Staves
 + Level 1.6 Throwing
 + Level 2.7 Dodging
 + Level 3.6 Stealth
 + Level 5.0 Spellcasting
 + Level 6.1 Conjurations


You had 12 spell levels left.
You knew the following spells:

 Your Spells              Type           Power      Damage    Failure   Level
a - Magic Dart            Conj           100%       1d8       1%          1
b - Searing Ray           Conj           72%        2d7       1%          2

Your spell library contained the following spells:

 Spells                   Type           Power      Damage    Failure   Level
 Dazzling Flash           Conj/Hex       42%        N/A       7%          3
 Freeze                   Ice            24%        1d5       9%          1
 Frozen Ramparts          Ice            12%        1d2       24%         3
 Fulminant Prism          Conj/Hex       10%        3d9       24%         4
 Hailstorm                Conj/Ice       21%        3d6       24%         4
 Iskenderun's Mystic Bla  Conj/Tloc      21%        2d6       24%         4


Dungeon Overview and Level Annotations

Branches:
Dungeon (5/15)
 Temple: D:4-7

Altars:
Cheibriados
Qazlal
Sif Muna

Annotations:
D:4 Blork the orc


Message History

Your Conjurations skill increases to level 6!
You have reached level 6!
Things that are here:
a +0 giant club; an ogre corpse You start resting.
Magic restored.
w - 4 scrolls labelled OPNACU YXKAOK (gained 3)
A ball python comes into view.
Casting: Searing Ray (safe; 1% risk of failure)
Confirm with . or Enter, or press ? or * to list all spells.
Aiming: Magic Dart (safe; 1% risk of failure)
Press: ? - help, Shift-Dir - straight line, f - ball python
Aim: a ball python (asleep, 100% to hit)
The magic dart hits the ball python!
You kill the ball python!
Sif Muna accepts your kill.
You see here a ball python corpse.
You now have 251 gold pieces (gained 5).
s - 2 scrolls labelled KAMEUSKIER (gained 1) Blork the orc comes into view.
He is wielding a +0 dire flail and wearing a +1 robe of willpower.
Casting: Magic Dart (safe; 1% risk of failure)
Confirm with . or Enter, or press ? or * to list all spells.
Aiming: Searing Ray (safe; 1% risk of failure)
Press: ? - help, Shift-Dir - straight line, f - Blork the orc
Aim: Blork the orc, wielding a +0 dire flail and wearing a +1 robe of willpower (asleep, 100% to hit)
The searing ray hits Blork the orc.
Blork the orc is lightly wounded.
Blork the orc shouts! (Press . to maintain the ray.)
The searing ray misses Blork the orc.
The searing ray hits Blork the orc.
Blork the orc is moderately wounded.
Blork the orc hits you with a +0 dire flail!
The searing ray hits Blork the orc!
Blork the orc is heavily wounded.
You finish channelling your searing ray.
Blork the orc hits you with a +0 dire flail!
* * * LOW HITPOINT WARNING * * *
Blork the orc hits you with a +0 dire flail!
You die...

##..........#.#
.......#.##.#.###
#.#............#
#..............#
#...#.####.....#
.##...#.# #.###.#
........# #.# #.#
###...#o####.###.#
#...#$@......#.#
.... #.####.#.#.#
......... ...#.#.#
#.#...... ...#.#
#.##..#.######.#.#
...............#
###.##.######.###
#.##. #.# ##.# #.#
######.#


You could see Blork the orc.

Vanquished Creatures
  An ogre (D:4)
  A bullfrog (D:4)
  A scorpion (D:4)
  3 adders
  An ufetubus (D:4)
  A worm (D:2)
  3 dart slugs
  6 ball pythons
  4 endoplasms
  4 giant cockroaches
  7 goblins
  6 hobgoblins
  2 jackals (D:2)
  6 kobolds
  A quokka (D:1)
  6 bats
  3 frilled lizards (D:1)
  6 rats
62 creatures vanquished.

Notes
Turn   | Place    | Note
-------+----------+-------------------------------------------
     0 | D:1      | javelincjr the Deep Elf Conjurer began the quest for the
                  | Orb.
     0 | D:1      | Reached XP level 1. HP: 10/10 MP: 6/6
   395 | D:1      | Reached XP level 2. HP: 15/15 MP: 4/8
   875 | D:1      | Reached skill level 5 in Conjurations
  1228 | D:2      | Found a faded altar of an unknown god.
  1536 | D:2      | Reached XP level 3. HP: 18/19 MP: 6/9
  2475 | D:2      | Reached skill level 1 in Short Blades
  2475 | D:2      | Reached XP level 4. HP: 15/24 MP: 4/11
  3163 | D:3      | Found a snail-covered altar of Cheibriados.
  3163 | D:3      | Found a shimmering blue altar of Sif Muna.
  3167 | D:3      | Became a worshipper of Sif Muna the Loreminder
  3443 | D:4      | Found a stormy altar of Qazlal.
  3486 | D:4      | Noticed a bullfrog
  3495 | D:4      | Killed a bullfrog
  3496 | D:4      | Reached skill level 1 in Throwing
  3496 | D:4      | Reached XP level 5. HP: 17/28 MP: 4/13
  3579 | D:5      | Entered Level 5 of the Dungeon
  3772 | D:4      | Learned a level 2 spell: Searing Ray
  3880 | D:4      | Noticed an ogre
  3940 | D:4      | Killed an ogre
  3941 | D:4      | Reached skill level 5 in Spellcasting
  3941 | D:4      | Reached skill level 6 in Conjurations
  3941 | D:4      | Reached XP level 6. HP: 33/33 MP: 8/15
  4101 | D:4      | Noticed Blork the orc
  4108 | D:4      | Mangled by Blork the orc

Illustrated notes

Levels and vault maps discovered:
D:1:      psy_arrival_whirlpool, layout_basic
D:2:      layout_basic, ebering_ecumenical_altar_box, kennysheep_small_spiral
D:3:      layout_loops_corners, gammafunk_temple_overflow_elements
D:4:      layout_loops_ring, lemuel_doored_altar, kennysheep_generic_room_13,
          uniq_blork_the_orc
D:5:      layout_layer_cave, vehumet_altar_wand_db,
          grunt_dithmenos_smoke_and_mirrors, serial_shops, shop,
          hangedman_abyss_or_decor_slice, eino_small_chamber_without_monster,
          chequers_serial_rivers_large_a, uniq_ijyb

Skill      XL: |  1  2  3  4  5 |
---------------+----------------+-----
Conjurations   | 5 6 |  6.1
Short Blades   | 1 |  1.0
Stealth        | 3 |  3.6
Throwing       | 1 |  1.6
Spellcasting   | 4 5 |  5.0
Fighting       | |  0.5
Staves         | |  0.9
Dodging        | |  2.7

Action                   |  1- 3 |  4- 6 || total
-------------------------+-------+-------++-------
Melee: Dagger            |    12 |       ||    12
       Quarterstaff      |     1 |     4 ||     5
Throw: Boomerang         |    13 |       ||    13
       Stone             |    11 |       ||    11
       Javelin           |     2 |       ||     2
       Dart              |     1 |       ||     1
       Throwing net      |     1 |       ||     1
 Cast: Magic Dart        |    86 |    34 ||   120
       Searing Ray       |       |     3 ||     3
  Use: Potion            |       |     3 ||     3
 Stab: Sleeping          |     3 |     2 ||     5
       Distracted        |       |     1 ||     1
Armor: Robe              |     9 |     4 ||    13
Dodge: Dodged            |    14 |    13 ||    27
